 Dungeon Crawl Stone Soup version 0.23.2-1-ga50397a (webtiles) character file.

Game seed: 6726918567755510622

179 MalarOregon the Ruffian (level 5, -2/46 HPs)
             Began as a Ghoul Gladiator on May 30, 2019.
             Slain by an orc wizard
             ... wielding a +0 dagger
              (4 damage)
             ... on level 3 of the Dungeon.
             The game lasted 00:03:00 (1850 turns).

MalarOregon the Ruffian (Ghoul Gladiator)           Turns: 1850, Time: 00:03:01

Health: -2/46      AC:  4    Str: 19    XL:     5   Next: 59%
Magic:  4/4        EV: 12    Int:  3    God:
Gold:   124        SH:  0    Dex: 10    Spells: 4/4 levels left

rFire    . . .     SeeInvis .     - Unarmed
rCold    + . .     Gourm    .   (no shield)
rNeg     + + +     Faith    .   a - +0 leather armour
rPois    ∞         Spirit   .   b - +0 helmet
rElec    .         Reflect  .   (no cloak)
rCorr    .         Harm     .   (no gloves)
MR       .....                  (no boots)
Stlth    +.........             (no amulet)
HPRegen  0.00/turn              (no ring)
MPRegen  0.09/turn              (no ring)

@: rotting
A: rotting body, claws 1, carnivore, cold resistance 1, negative energy
resistance 3, inhibited regeneration, torment resistance, unbreathing
a: no special abilities


You were on level 3 of the Dungeon.
You were not hungry.

You visited 1 branch of the dungeon, and saw 3 of its levels.

You collected 124 gold pieces.

Inventory:

Missiles
 c - 3 throwing nets (quivered) {!f}
Armour
 a - a +0 leather armour (worn)
 b - a +0 helmet (worn)
Jewellery
 m - an uncursed ring of protection from fire {unknown}
   (You found it on level 2 of the Dungeon)
Scrolls
 f - 3 scrolls of remove curse {unknown}
 g - 2 scrolls of fog {unknown}
 h - a scroll of magic mapping {unknown}
 i - 2 scrolls of identify {unknown}
 j - 3 scrolls of enchant armour {unknown}
 l - a scroll of enchant weapon {unknown}
 n - 2 scrolls of fear {unknown}
 o - a scroll of teleportation {unknown}
Potions
 k - a potion of degeneration {unknown}
 p - a potion of lignification {unknown}
 q - a potion of brilliance {unknown}
Comestibles
 d - 7 chunks of flesh
 e - 5 rations {!d}


   Skills:
 + Level 3.7 Fighting
 - Level 1.7 Throwing
 + Level 2.1 Armour
 + Level 3.5 Dodging
 + Level 4.3 Unarmed Combat


You had 4 spell levels left.
You didn't know any spells.
Your spell library was empty.

Dungeon Overview and Level Annotations

Branches:
Dungeon (3/15)

Altars:


Innate Abilities, Weirdness & Mutations

Your body is rotting away.
You thrive on raw meat.
You are immune to poison.
You have sharp fingernails.
You are carnivorous and can eat meat at any time.
Your flesh is cold resistant. (rC+)
You are immune to negative energy. (rN+++)
You do not regenerate when monsters are visible.
You are immune to unholy pain and torment.
You can survive without breathing.


Message History

Something hits you.
Unknown command.
You closely miss the orc. The gnoll hits you but does no damage.
Something hits you but does no damage.
You claw the orc!
You kill the orc!
The gnoll closely misses you. Something hits you but does no damage.
You miss something.
The gnoll hits you from afar with a +0 spear.
You hear some strange, mumbled words.
A puff of flame appears from out of thin air!
The puff of flame hits you but does no damage.
Unknown command.
You closely miss the orc.
The gnoll hits you from afar with a +0 spear.
Something hits you but does no damage. The orc closely misses you.
You scratch the orc. The gnoll closely misses you. Something hits you.
You scratch the orc but do no damage. The orc barely misses you.
The gnoll barely misses you. Something hits you but does no damage.
You claw the orc!
You kill the orc!
The gnoll hits you but does no damage. Something hits you but does no damage.
The gnoll hits you but does no damage. The gnoll hits you with a +0 spear.
* * * LOW HITPOINT WARNING * * *
Items here: )) [ †† a +0 dagger; a cursed +0 ring mail; a +0 club; an orc corpse x2
You closely miss the gnoll. The gnoll misses you.
The gnoll hits you with a +0 spear.
* * * LOW HITPOINT WARNING * * *
You scratch the gnoll.
The gnoll hits you from afar with a +0 spear.
* * * LOW HITPOINT WARNING * * *
You scratch the gnoll. The gnoll hits you with a +0 spear.
* * * LOW HITPOINT WARNING * * *
Something hits you but does no damage. The gnoll hits you but does no damage.
You scratch the gnoll. The gnoll hits you but does no damage.
Something hits you but does no damage. The orc hits you but does no damage.
You barely miss the gnoll. The gnoll closely misses you.
The orc hits you with a +0 short sword.
* * * LOW HITPOINT WARNING * * *
The gnoll barely misses you. Something hits you.
You die...

#.#.#.# ##.# #.#.#.# #.)#
.# # #...#.# #.[## .# #
#..#.# #...##.# # #..#.##
##..)..# # #### #.....#
#.#.......#
...###.#...####o#g##.##.#
##.....###....#o#....#
######..##.##..{@g.# #
#..##.####...## # #..####
#...# # #### #...# #
#...# # #...# # #####


You could see 2 gnolls and 2 orcs.

Vanquished Creatures
  2 orc wizards
  An adder (D:2)
  A gnoll (D:3)
  4 worms (D:2)
  4 dart slugs
  2 leopard geckos
  8 orcs
  A giant cockroach (D:1)
  12 goblins
  8 hobgoblins
  16 kobolds
  2 ball pythons
  5 bats
  A frilled lizard (D:1)
  7 rats
  2 bushes (D:1)
  3 plants (D:1)
79 creatures vanquished.

Notes
Turn   | Place    | Note
-------+----------+-------------------------------------------
     0 | D:1      | MalarOregon the Ghoul Gladiator began the quest for the
                  | Orb.
     0 | D:1      | Reached XP level 1. HP: 17/17 MP: 0/0
    61 | D:1      | Reached XP level 2. HP: 17/25 MP: 1/1
   204 | D:1      | Reached skill level 1 in Armour
   204 | D:1      | Reached XP level 3. HP: 30/30 MP: 2/2
  1080 | D:2      | Reached XP level 4. HP: 26/38 MP: 3/3
  1425 | D:2      | Reached skill level 4 in Unarmed Combat
  1549 | D:2      | Reached XP level 5. HP: 15/45 MP: 4/4
  1850 | D:3      | HP: 2/46 [orc/+0 short sword (5)]
  1850 | D:3      | Slain by an orc wizard

Skill      XL: |  1  2  3  4  5 |
---------------+----------------+-----
Armour         | 1 2 |  2.1
Dodging        | 3 |  3.5
Fighting       | 3 |  3.7
Unarmed Combat | 4 |  4.3
Throwing       | |  1.7

Action                   |  1- 3 |  4- 6 || total
-------------------------+-------+-------++-------
Melee: Unarmed           |   426 |    94 ||   520
       Punch             |    14 |       ||    14
  Eat: Chunk             |     6 |    11 ||    17
Armor: Leather armour    |    28 |    26 ||    54
Dodge: Dodged            |    96 |    47 ||   143
